 Dungeon Crawl Stone Soup version 0.20.0-8-g6b59dc7 (webtiles) character file.

242 Ketharn the Sneak (level 6, -4/46 HPs)
             Began as a Human Wanderer on May 30, 2017.
             Was a Follower of Qazlal.
             Slain by an orc wizard
             ... wielding a +3 dagger
              (5 damage)
             ... on level 4 of the Dungeon.
             The game lasted 00:13:59 (2558 turns).

Ketharn the Sneak (Human Wanderer)                  Turns: 2558, Time: 00:14:00

Health: -4/46      AC:  7    Str: 16    XL:     6   Next: 31%
Magic:  6/6        EV: 11    Int: 10    God:    Qazlal [*.....]
Gold:   134        SH:  1    Dex: 13    Spells: 5/5 levels left

rFire    . . .     SeeInvis .   c - +2 dagger (freeze) {Freezer}
rCold    . . .     Gourm    .   (no shield)
rNeg     . . .     Faith    .   q - +0 ring mail
rPois    .         Spirit   .   (no helmet)
rElec    .         Reflect  .   p - +0 cloak
rCorr    .         Harm     .   (no gloves)
MR       .....                  k - +0 pair of boots
Stlth    ++........             (no amulet)
Regen    0.2/turn               (no ring)
MPRegen  0.1/turn               (no ring)

@: no status effects
A: no striking features
a: Renounce Religion


You were on level 4 of the Dungeon.
You worshipped Qazlal.
Qazlal was aware of your devotion.
You were hungry.

You visited 1 branch of the dungeon, and saw 4 of its levels.

You collected 134 gold pieces.

Inventory:

Hand Weapons
 c - a +2 dagger of freezing (weapon) {Freezer}
 d - a +0 falchion
 e - a +0 dagger
 o - a +4 quarterstaff of chaos
Missiles
 b - 2 throwing nets (quivered)
 f - 8 javelins of penetration
 s - 3 tomahawks
Armour
 a - a +0 leather armour
 k - a +0 pair of boots (worn)
 p - a +0 cloak (worn)
 q - a +0 ring mail (worn)
Wands
 E - a wand of confusion (7/48)
Scrolls
 g - 4 scrolls of identify {unknown}
 h - 5 scrolls of teleportation {unknown}
 j - a scroll of immolation {unknown}
 m - 2 scrolls of blinking {unknown}
 n - a scroll of noise {unknown}
 t - a scroll of fog {unknown}
 x - a scroll of recharging {unknown}
 y - 2 scrolls of enchant armour {unknown}
 z - 2 scrolls of magic mapping {unknown}
 C - a scroll of remove curse {unknown}
Potions
 i - 2 potions of mutation {unknown}
 l - a potion of cancellation {unknown}
 r - 2 potions of lignification
 u - a potion of ambrosia {unknown}
 w - a potion of berserk rage {unknown}
 B - a potion of brilliance {unknown}
 D - a potion of flight {unknown}
Comestibles
 v - 3 royal jellies
 A - a fruit


   Skills:
 + Level 2.9 Fighting
 * Level 2.6(3.3) Short Blades
 + Level 3.1(3.6) Long Blades
 + Level 1.0 Throwing
 + Level 2.0 Armour
 + Level 2.5 Dodging
 + Level 4.0 Stealth


You had 5 spell levels left.
You didn't know any spells.

Dungeon Overview and Level Annotations

Branches:
Dungeon (4/15)
 Temple: D:4-7

Altars:
Qazlal


Message History

The orc wizard hits you but does no damage.
The orc wizard points at you and mumbles some strange words.
The magic dart hits you!
* * * LOW HITPOINT WARNING * * *
You barely miss the orc wizard.
The orc wizard hits you with an enchanted dagger.
* * * LOW HITPOINT WARNING * * *
You hit the orc wizard but do no damage.
The orc wizard barely misses you.
You closely miss the orc wizard. The orc wizard closely misses you.
The orc wizard hits you with an enchanted dagger.
* * * LOW HITPOINT WARNING * * *
You hit the orc wizard but do no damage.
The orc wizard hits you but does no damage.
You closely miss the orc wizard. The orc wizard closely misses you.
You barely miss the orc wizard.
The orc wizard points at you and mumbles some strange words.
You resist with some effort.
The orc wizard hits you with an enchanted dagger.
You die...

#. ## ##. ####. ..
.)(. ##.# ... #...
). ####... .##
.......##
##.####.#
##..##.###.<...(.#
#....)))#@o...####
#.###.....###.#
#.##### .# #. # #.
#. #. #. ##


You could see an orc wizard.

Vanquished Creatures
  Crazy Yiuf (D:2)
  An orc priest (D:4)
  Terence (D:2)
  2 orc wizards (D:4)
  4 adders
  An ooze (D:1)
  2 worms (D:3)
  A dart slug (D:1)
  A leopard gecko (D:3)
  An orc (D:3)
  4 bats (D:1)
  5 giant cockroaches
  6 goblins
  7 hobgoblins
  6 jackals (D:1)
  A quokka (D:3)
  4 frilled lizards
  5 kobolds
  5 rats
58 creatures vanquished.

Notes
Turn   | Place    | Note
-------+----------+-------------------------------------------
     0 | D:1      | Ketharn the Human Wanderer began the quest for the Orb.
     0 | D:1      | Ketharn set off with: a +0 leather armour, 4 throwing nets, a potion of lignification, a +0 falchion, a +0 dagger, a bread ration
     0 | D:1      | Reached XP level 1. HP: 16/16 MP: 1/1
   191 | D:1      | Reached XP level 2. HP: 20/22 MP: 2/2
   473 | D:1      | Reached XP level 3. HP: 14/27 MP: 3/3
  1097 | D:2      | Reached skill level 1 in Armour
  1097 | D:2      | Reached XP level 4. HP: 27/34 MP: 4/4
  1402 | D:2      | Found a runed door.
  1406 | D:2      | Noticed Crazy Yiuf
  1411 | D:2      | Killed Crazy Yiuf
  1411 | D:2      | Reached skill level 1 in Short Blades
  1443 | D:2      | Noticed Terence
  1452 | D:2      | Killed Terence
  1452 | D:2      | Reached XP level 5. HP: 39/39 MP: 5/5
  1614 | D:2      | Found a stormy altar of Qazlal.
  1622 | D:2      | Became a worshipper of Qazlal Stormbringer
  2306 | D:3      | Reached * piety under Qazlal
  2536 | D:4      | Reached XP level 6. HP: 20/46 MP: 6/6
  2544 | D:4      | Reached skill level 4 in Stealth
  2553 | D:4      | HP: 2/46 [orc wizard/enchanted dagger (3)]
  2558 | D:4      | Slain by an orc wizard

Skill      XL: |  1  2  3  4  5  6 |
---------------+-------------------+-----
Armour         | 1 2 |  2.0
Short Blades   | 1 2 |  2.6
Long Blades    | 3 |  3.1
Stealth        | 4 |  4.0
Fighting       | |  2.9
Throwing       | |  1.0
Dodging        | |  2.5

Action                   |  1- 3 |  4- 6 || total
-------------------------+-------+-------++-------
Melee: Falchion          |    57 |       ||    57
       Dagger            |    22 |    99 ||   121
Throw: Throwing net      |       |     2 ||     2
  Use: Potion            |     1 |       ||     1
 Stab: Sleeping          |     1 |       ||     1
       Held in net/web   |       |     3 ||     3
  Eat: Bread ration      |     1 |       ||     1
Armor: Leather armour    |    18 |       ||    18
       Skin              |    27 |       ||    27
       Ring mail         |       |    23 ||    23
Dodge: Dodged            |    50 |    35 ||    85
Block: Other             |       |     1 ||     1
       Rpst.: Falchion   |    14 |       ||    14
